Map: Ulrena

Players

Zuky - Winner!

  • Race: Terran Terran
  • League: Gold

capac

  • Race: Terran Terran
  • League: Gold

VOD

Have the link to the VOD?

Description

Time

  • Played on: April 25, 2016, 8:02 p.m.
  • Length: 66:56
Show
View Real Time Build Order
Export as new Build Order

Zuky Terran - Winner!

Build Orders:  

Get SALT Encoding   

  12  0:03  SCV  
  13  0:17  SCV  
  14  0:25  Supply Depot  
  14  0:29  SCV  
  14  0:33  Refinery  
  15  0:47  SCV  
  15  0:48  Barracks  
  16  0:59  SCV  
  17  1:05  Supply Depot  
  17  1:11  SCV  
  18  1:23  SCV  
  19  1:35  Marine, SCV  
  19  1:38  Factory  
  21  1:47  SCV  
  22  1:54  Marine  
  22  1:59  SCV  
  24  2:11  SCV  
  24  2:12  Marine  
  26  2:17  Engineering Bay  
  26  2:23  Factory Tech Lab  
  26  2:25  Supply Depot  
  26  2:30  Orbital Command  
  26  2:37  Refinery  
  26  2:42  Siege Tank  
  29  2:56  Missile Turret  
  29  2:59  Missile Turret  
  29  3:04  SCV  
  30  3:09  Marine  
  31  3:20  Missile Turret  
  31  3:34  Siege Tank, Command Center  
  34  3:50  Supply Depot  
  34  3:57  Barracks Tech Lab  
  34  4:04  SCV  
  38  4:10  Siege Tank  
  38  4:12  Building Armor  
  38  4:19  Bunker  
  38  4:31  SCV  
  39  4:32  Bunker  
  39  4:39  Barracks  
  39  4:44  Barracks  
  39  5:09  Missile Turret  
  39  5:12  Missile Turret  
  38  5:28  Barracks Reactor  
  38  5:37  Missile Turret  
  38  5:52  Hi-Sec Auto Tracking  
  38  5:53  Barracks Reactor  
  38  5:54  Marine  
  39  6:00  Missile Turret  
  39  6:08  Missile Turret  
  39  6:32  Supply Depot, Combat Shields  
  39  6:35  Supply Depot  
  39  6:36  Supply Depot x2  
  39  6:37  Supply Depot  
  39  6:49  Missile Turret  
  38  6:56  Marine, SCV  
  38  6:57  Marine  
  38  6:58  Marine x3  
  44  7:08  SCV  
  44  7:14  Marine  
  46  7:20  SCV  
  45  7:31  Marine  
  45  7:32  SCV  
  45  7:35  Planetary Fortress  
  43  7:37  Marine  
  43  7:38  Marine x3  
  47  7:45  SCV  
  47  7:49  Marine  
  49  7:55  Marine  
  49  7:56  Marine x3  
  53  8:03  Missile Turret  
  53  8:07  Marine  
  53  8:12  SCV, Missile Turret  
  55  8:25  SCV  
  56  8:29  Starport  
  56  8:37  SCV  
  56  8:39  Starport  
  57  8:44  Starport  
  57  8:49  SCV  
  58  8:56  Starport  
  58  9:00  Refinery  
  58  9:01  SCV  
  59  9:03  Refinery  
  59  9:11  Missile Turret  
  59  9:29  Bunker  
  59  9:38  Starport Tech Lab x3, Command Center  
  59  9:51  Starport Tech Lab  
  59  9:54  Starport Tech Lab  
  59  9:56  Missile Turret  
  59  9:59  Corvid Reactor, Explosive Shrapnel Shells  
  59  10:08  SCV  
  60  10:18  Liberator x2  
  60  10:20  SCV  
  61  10:23  Supply Depot  
  61  10:25  Supply Depot  
  61  10:28  Liberator x2  
  61  10:32  SCV  
  68  10:44  SCV  
  68  10:47  Supply Depot  
  75  10:50  Supply Depot  
  75  10:52  Supply Depot  
  75  10:56  SCV  
  76  11:04  Siege Tank  
  79  11:06  Terran Infantry Weapons Level 1  
  79  11:12  Supply Depot  
  79  11:20  Engineering Bay  
  79  11:22  Missile Turret  
  79  11:25  Armory  
  79  11:32  Stimpack  
  79  11:44  Missile Turret  
  79  11:50  Armory  
  79  11:52  Raven  
  81  11:54  Raven x2  
  81  11:55  Raven  
  87  12:08  Missile Turret  
  87  12:11  SCV  
  87  12:13  Planetary Fortress  
  88  12:23  SCV  
  89  12:35  SCV  
  90  12:41  SCV  
  91  12:45  Terran Vehicle Weapons Level 1, Terran Ship Weapons Level 1  
  91  12:47  Terran Infantry Armor Level 1  
  91  12:48  SCV  
  91  12:49  Marine  
  91  12:50  Marine x4  
  97  12:53  SCV  
  94  13:00  SCV  
  94  13:05  SCV  
  96  13:07  Marine  
  96  13:08  Marine x3  
  96  13:12  SCV  
  101  13:17  SCV  
  97  13:24  SCV  
  93  13:29  SCV  
  94  13:37  SCV  
  95  13:50  SCV  
  95  13:53  SCV  
  97  13:58  Refinery  
  97  13:59  Refinery  
  97  14:02  Raven, SCV  
  98  14:03  Raven  
  98  14:07  Terran Infantry Weapons Level 2  
  98  14:09  Marine  
  103  14:10  Marine x4  
  103  14:14  SCV  
  108  14:26  SCV  
  108  14:27  Marine x5  
  114  14:38  SCV  
  115  14:45  Marine x5  
  116  14:46  Command Center  
  116  14:49  Raven  
  116  14:52  Terran Ship Weapons Level 2  
  122  15:01  Terran Vehicle Weapons Level 2  
  122  15:03  Marine  
  122  15:04  Marine x4  
  127  15:21  Marine x4  
  131  15:28  Marine  
  131  15:34  Raven  
  132  15:39  Marine x4  
  126  15:46  Marine  
  127  15:56  Marine  
  128  15:57  Marine x3, Raven  
  128  15:58  Raven  
  135  16:04  Marine  
  136  16:14  Marine  
  136  16:15  Marine x3, Missile Turret  
  136  16:18  Bunker  
  140  16:22  Marine  
  141  16:32  Marine  
  142  16:33  Marine x3  
  142  16:34  Barracks  
  142  16:37  Barracks  
  145  16:40  Barracks, Marine  
  146  16:50  Marine  
  146  16:53  Planetary Fortress  
  147  17:23  Barracks  
  147  17:26  Barracks  
  147  17:47  Barracks Reactor x2  
  147  17:57  Marine  
  148  18:04  Marine x4  
  148  18:05  Barracks Reactor  
  152  18:08  Supply Depot  
  152  18:15  Marine  
  153  18:22  Marine x3  
  153  18:23  Bunker  
  153  18:24  Bunker  
  153  18:26  Bunker  
  156  18:27  Bunker  
  156  18:28  Missile Turret  
  156  18:29  Marine  
  156  18:31  Supply Depot  
  156  18:32  Marine, SCV  
  159  18:36  Missile Turret x2  
  159  18:39  Refinery  
  159  18:40  Marine x3  
  162  18:42  Refinery, Barracks Reactor  
  162  18:43  Barracks Reactor  
  162  18:45  SCV  
  162  18:47  Marine  
  164  18:48  Missile Turret  
  164  18:53  Marine x7  
  164  18:54  Supply Depot  
  171  18:57  SCV  
  172  19:03  Terran Ship Weapons Level 3, Terran Vehicle Weapons Level 3  
  172  19:05  Terran Infantry Weapons Level 3  
  172  19:08  Terran Infantry Armor Level 2  
  172  19:16  Marine x8  
  180  19:26  Supply Depot  
  180  19:47  Marine x5, SCV, Raven  
  188  20:07  Supply Depot  
  188  20:12  Marine x6, Raven  
  196  20:28  Marine x2, Raven  
  196  20:30  Supply Depot  
  200  20:45  Marine x2  
  200  20:48  Marine  
  200  20:49  Marine x2, SCV  
  200  20:55  Marine  
  200  21:11  Marine  
  200  21:12  Raven  
  166  21:19  Bunker  
  166  21:23  Bunker  
  158  21:29  Marine  
  158  21:30  Marine x10  
  158  21:31  Marine x4  
  158  21:32  Raven  
  173  21:33  Raven x2  
  179  21:47  Marine  
  179  21:48  Marine x10  
  179  21:49  Marine x4  
  194  21:55  Raven  
  196  22:05  Marine  
  196  22:06  Marine x10  
  196  22:07  Marine x4  
  174  22:15  Raven  
  160  22:16  Raven x2  
  166  22:23  Marine x2  
  166  22:24  Marine x8  
  176  22:30  Terran Vehicle And Ship Armor Level 1  
  176  22:31  Marine x2  
  176  22:32  Marine x3  
  181  22:37  Raven  
  181  22:41  Marine x8  
  181  22:42  Marine x2  
  193  22:54  Command Center  
  193  22:58  Raven x3  
  193  22:59  Missile Turret x2  
  193  23:03  Missile Turret  
  199  23:06  Missile Turret  
  199  23:20  Missile Turret  
  199  23:22  Terran Infantry Armor Level 3, Neosteel Frame  
  199  23:25  Marine  
  161  24:57  Planetary Fortress  
  159  25:02  Refinery  
  159  25:03  Refinery  
  152  25:42  Raven x3  
  135  25:43  Raven  
  135  25:46  Marine x5  
  135  25:47  Marine x10  
  154  26:03  Missile Turret  
  154  26:04  Marine x13  
  154  26:05  Marine x2  
  169  26:21  Marine  
  169  26:22  Marine x14  
  169  26:25  Raven x4  
  192  26:39  Marine  
  193  26:40  Marine x3  
  186  27:08  Marine, Raven x4  
  190  27:09  Marine x5  
  143  28:37  Marine  
  143  28:38  Marine x14  
  158  28:55  Marine  
  158  28:56  Marine x14  
  158  28:59  Raven x3  
  158  29:00  Raven  
  181  29:13  Marine x2  
  181  29:14  Marine x13  
  196  29:31  Marine x5  
  175  29:41  Raven  
  175  29:42  Raven x3  
  175  29:43  SCV  
  177  29:46  SCV  
  178  29:55  SCV  
  178  29:58  SCV  
  180  30:07  SCV  
  180  30:10  SCV  
  182  30:16  Missile Turret  
  182  30:17  Missile Turret  
  182  30:19  SCV  
  183  30:24  Raven  
  183  30:25  Raven  
  187  30:32  SCV  
  188  30:35  Missile Turret  
  182  31:50  Raven x4  
  182  31:53  Marine x4  
  182  31:54  Marine x6  
  184  32:33  Raven x3  
  144  33:17  Marine x5  
  144  33:18  Marine x10  
  157  33:35  Marine x11  
  157  33:36  Marine x4  
  172  33:53  Marine x3  
  175  34:06  Missile Turret  
  175  34:27  Missile Turret  
  175  34:30  Bunker  
  175  34:35  Bunker  
  175  34:45  Marine x12  
  176  34:46  Marine x3  
  190  35:02  Marine, Bunker  
  190  35:03  Marine x2  
  151  36:56  Raven  
  151  36:57  Raven x3  
  151  36:58  Marine  
  151  36:59  Marine x14  
  170  37:16  Marine  
  170  37:17  Marine x14  
  137  37:34  Marine  
  137  37:35  Marine x2  
  140  37:39  Raven  
  140  37:40  Raven  
  144  37:45  Raven  
  146  38:33  Command Center  
  146  38:37  Raven  
  148  39:19  Raven  
  129  41:10  Raven x3  
  127  41:44  Planetary Fortress  
  127  42:05  Bunker  
  127  42:08  Bunker  
  127  42:14  Bunker  
  127  42:15  Missile Turret  
  127  42:17  Missile Turret  
  127  42:21  Missile Turret  
  127  42:36  Missile Turret  
  111  42:57  Refinery x2  
  111  43:03  Missile Turret  
  111  43:10  Marine  
  111  43:11  Marine x13  
  125  43:13  Missile Turret  
  125  43:19  Marine  
  126  43:28  Marine  
  127  43:46  Raven  
  127  43:48  Marine x11  
  140  44:06  Terran Vehicle And Ship Armor Level 2  
  140  44:09  Marine  
  139  44:10  Marine x5  
  122  45:14  SCV  
  123  45:28  Marine  
  123  45:29  Marine x14  
  136  45:46  Marine x2  
  136  45:47  Marine x9  
  139  46:02  Raven  
  139  46:03  Raven  
  139  46:04  Raven  
  97  46:50  Raven  
  99  46:56  Widow Mine  
  101  47:09  Marine  
  101  47:10  Marine x14  
  116  47:25  Widow Mine  
  116  47:27  Marine x5  
  123  47:53  Widow Mine  
  125  48:09  Raven  
  127  48:14  Marine x6  
  127  48:16  Marine x3  
  136  48:22  Widow Mine  
  138  48:31  Command Center  
  138  48:35  Raven  
  140  48:50  Widow Mine  
  134  49:47  Raven x2  
  134  49:50  Marine x7  
  134  49:51  Marine x3  
  144  50:52  Raven  
  151  50:58  Raven  
  151  51:00  Marine x2  
  151  51:01  Marine x4  
  154  51:38  Planetary Fortress  
  115  52:49  Marine x14  
  129  53:02  SCV  
  130  53:06  Marine  
  131  53:14  SCV  
  132  53:42  SCV  
  133  53:54  SCV  
  134  54:06  SCV  
  135  54:18  SCV  
  135  54:19  Raven x4  
  144  54:25  Marine x4  
  144  54:30  SCV  
  148  54:43  Missile Turret  
  148  54:44  Missile Turret  
  136  55:02  Raven  
  120  55:23  Marine  
  120  55:24  Marine x11  
  117  55:41  Marine x6  
  117  55:42  Marine  
  124  55:54  Marine  
  124  55:55  Marine x4  
  129  55:59  Marine x5  
  134  56:33  Raven x2  
  138  56:53  Marine  
  138  56:54  Marine x14  
  153  57:11  Marine  
  153  57:12  Marine x3  
  157  57:24  Missile Turret  
  157  57:28  Refinery  
  157  57:33  Refinery  
  156  58:25  Missile Turret  
  156  58:55  Raven  
  156  58:57  Marine x4  
  156  58:58  Marine x10  
  172  59:15  Marine x8  
  172  59:16  Marine x6  
  186  59:33  Marine x2  
  137  60:33  Marine x4  
  137  60:34  Marine x11  
  123  60:51  Marine x10  
  123  60:52  Marine x5  
  138  61:08  Marine  
  138  61:09  Marine x8  
  134  61:59  Medivac x3  
  134  62:00  Medivac  
  142  62:28  Raven  
  142  62:29  Raven x2  
  142  63:17  Marine  
  142  63:18  Marine x14  
  157  63:23  Raven x2  
  161  63:49  Raven  
  163  64:29  Orbital Command  
  163  65:47  Marine x5  
  163  65:48  Marine  
  175  65:52  Raven x3  
Show
View Real Time Build Order
Export as new Build Order

capac Terran 

Build Orders: Banshee Rush 

Get SALT Encoding   

  12  0:00  SCV  
  13  0:12  SCV  
  14  0:18  Supply Depot  
  14  0:25  SCV  
  15  0:39  SCV  
  15  0:42  Barracks  
  16  0:45  Refinery  
  16  0:52  SCV  
  17  1:04  SCV  
  18  1:16  SCV  
  19  1:27  Refinery  
  19  1:31  Barracks Tech Lab  
  19  1:37  Orbital Command  
  19  1:55  Marine  
  19  2:00  Supply Depot  
  20  2:05  Factory  
  20  2:07  SCV  
  21  2:22  Supply Depot, Barracks  
  21  2:25  SCV  
  22  2:31  Marine  
  23  2:39  SCV  
  24  2:50  Starport  
  24  2:52  Starport  
  24  2:53  Factory Tech Lab  
  25  3:01  Marine  
  25  3:10  Barracks Tech Lab  
  25  3:14  SCV  
  26  3:30  Supply Depot  
  26  3:39  SCV  
  27  3:43  Marine  
  27  3:46  Cloaking Field, Banshee  
  27  3:47  Banshee  
  34  4:02  Engineering Bay  
  34  4:04  Supply Depot, Marine  
  34  4:06  Marine  
  36  4:12  Siege Tank  
  39  4:22  SCV  
  40  4:36  Banshee x2  
  46  4:39  SCV  
  47  5:02  Marine x2  
  49  5:09  Command Center  
  49  5:20  Marine x2  
  51  5:34  Siege Tank  
  54  5:38  Marine  
  55  6:05  Supply Depot  
  55  6:10  Command Center  
  55  6:20  Marine x2, Medivac  
  53  6:38  Marine x2, Siege Tank  
  58  7:01  SCV  
  58  7:05  Medivac  
  58  7:06  Viking  
  63  7:19  Orbital Command  
  63  7:20  SCV  
  63  7:22  Barracks Tech Lab x2  
  64  7:32  SCV  
  65  7:44  SCV  
  60  7:59  Siege Tank  
  63  8:11  Barracks  
  63  8:12  Barracks x2  
  63  8:14  Barracks  
  63  8:16  Missile Turret  
  63  8:20  SCV x2  
  63  8:25  Marine  
  63  8:26  Marine  
  67  8:27  Combat Shields  
  67  8:28  Stimpack  
  67  8:32  Terran Infantry Weapons Level 1, SCV x2  
  69  8:34  Engineering Bay  
  69  8:39  Armory  
  69  8:45  Orbital Command  
  69  9:01  Barracks Reactor  
  69  9:02  Barracks Reactor x2  
  69  9:04  Barracks Reactor  
  69  9:11  Marine  
  69  9:12  Marine  
  69  9:15  SCV  
  69  9:16  SCV x2  
  74  9:27  SCV  
  74  9:28  SCV x2  
  74  9:29  Marine x2  
  79  9:36  Refinery  
  79  9:37  Refinery  
  79  9:39  Marine x4, SCV  
  79  9:40  Marine  
  79  9:41  Marine x2  
  79  9:44  Supply Depot, Terran Infantry Armor Level 1  
  87  9:47  Marine x2  
  87  9:51  Supply Depot, SCV  
  87  9:52  SCV  
  91  9:57  Marine x2, Missile Turret  
  93  10:02  Missile Turret  
  93  10:05  Marine  
  93  10:06  SCV x3  
  97  10:14  Sensor Tower  
  97  10:22  Marine x9  
  106  10:28  Siege Tank  
  109  10:50  Supply Depot  
  109  10:51  Supply Depot  
  109  10:54  Medivac  
  109  10:55  Medivac  
  113  10:57  SCV x2  
  113  10:58  SCV  
  113  11:02  Marine x2  
  113  11:03  Marine x5  
  123  11:04  Marine  
  123  11:05  Marine  
  125  11:11  Marine  
  126  11:21  Starport  
  126  11:28  Supply Depot  
  126  11:30  Starport  
  126  11:32  SCV x2  
  128  11:33  SCV  
  128  11:34  Marine x9  
  128  11:39  Medivac  
  140  12:04  Starport  
  140  12:09  Refinery, SCV  
  140  12:10  SCV x2  
  140  12:11  Refinery  
  143  12:33  Starport Reactor x2  
  103  13:08  Marine x5  
  103  13:09  Marine x3  
  103  13:11  Liberator x2  
  103  13:12  Liberator x3  
  111  13:13  Liberator  
  91  13:25  Siege Tank  
  102  13:44  Starport Tech Lab  
  102  13:45  Starport Reactor  
  99  13:54  Liberator x3  
  99  13:55  Liberator x2  
  99  13:56  SCV x3  
  99  13:57  Liberator  
  102  14:14  Command Center  
  120  14:22  Marine x10  
  130  14:39  Marine, Command Center  
  130  14:40  Marine x2  
  130  14:42  Liberator x2  
  133  14:51  Liberator x3  
  133  14:54  Marine x3  
  133  14:55  Marine x2  
  133  14:56  Marine x2  
  133  14:57  Marine  
  133  14:58  Marine  
  148  15:13  Liberator  
  157  15:30  Sensor Tower  
  157  15:31  Liberator  
  157  15:32  Marine x10  
  170  15:38  Liberator  
  149  15:50  Marine x3  
  155  15:59  Liberator  
  155  16:00  Orbital Command  
  155  16:02  Refinery, Liberator  
  161  16:39  Liberator x3  
  161  16:40  Refinery  
  170  17:24  Liberator x4, Command Center  
  180  17:56  Terran Infantry Weapons Level 2  
  180  18:01  Terran Infantry Armor Level 2  
  189  18:45  Siege Tank  
  183  19:12  Orbital Command  
  183  19:17  Siege Tank  
  186  19:50  Siege Tank  
  183  20:58  Planetary Fortress  
  183  21:10  Liberator x4  
  183  21:11  Liberator  
  164  21:12  Liberator  
  148  21:31  Medivac x2  
  148  21:32  Marine x8  
  171  21:33  Marine x2  
  180  21:50  Marine x10  
  190  21:54  Siege Tank  
  192  22:07  Marine  
  192  22:08  Marine x9  
  194  22:25  Marine  
  195  22:30  Marine x9  
  195  22:32  Medivac x4  
  194  22:43  Marine  
  195  22:44  Terran Infantry Weapons Level 3  
  195  22:45  Terran Infantry Armor Level 3  
  195  22:46  Terran Ship Weapons Level 1  
  195  23:31  Marine  
  195  23:32  Marine x6  
  195  23:33  Marine x3  
  195  23:34  Siege Tank, Medivac  
  186  23:49  Marine x2  
  186  23:50  Marine x3  
  186  23:51  Marine  
  140  24:07  Siege Tank  
  142  24:25  Marine  
  142  24:26  Marine x9, Liberator  
  142  24:27  Liberator x7  
  128  24:39  Siege Tank  
  128  24:43  Marine x6  
  128  24:44  Marine x4  
  149  25:01  Marine x10  
  156  25:11  Siege Tank  
  159  25:18  Marine  
  159  25:19  Marine x9  
  159  25:20  Refinery  
  169  25:26  Medivac  
  169  25:27  Medivac  
  153  25:36  Marine  
  153  25:37  Marine x5  
  155  25:43  Siege Tank  
  158  25:53  Marine x4  
  158  25:54  Marine  
  158  25:55  Marine x5  
  168  26:10  Marine  
  168  26:11  Marine x3  
  169  26:12  Marine x4  
  169  26:13  Marine x2  
  169  26:15  Siege Tank  
  170  26:28  Marine  
  170  26:29  Marine x3  
  168  26:43  Orbital Command  
  138  26:54  Marine  
  138  26:55  Marine x9  
  148  27:12  Marine x2  
  148  27:13  Marine x8  
  158  27:30  Marine x2  
  158  27:31  Marine  
  161  27:42  Marine  
  161  27:43  Marine x6  
  168  27:48  Marine x2, Liberator x4  
  170  28:04  Orbital Command  
  144  28:44  Marine x6  
  144  28:45  Marine x4  
  154  29:02  Marine x10  
  155  29:09  Refinery  
  164  29:10  Refinery  
  164  29:19  Marine  
  164  29:20  Marine x4  
  112  29:40  Orbital Command  
  112  29:41  Marine  
  112  29:42  Marine x9  
  112  29:44  Medivac x3  
  112  29:45  Medivac  
  112  29:59  Marine x5  
  113  30:00  Marine x5  
  122  30:17  Marine x10  
  132  30:27  Medivac x3  
  138  30:34  Marine  
  138  30:35  Marine x3  
  125  31:05  Liberator x3  
  109  31:13  Marine x4  
  109  31:14  Marine x6  
  121  31:31  Marine x10  
  125  31:49  Marine x10  
  125  31:51  Refinery  
  125  31:52  Refinery  
  135  33:02  Command Center  
  135  33:07  Command Center  
  135  33:08  Marine  
  135  33:09  Marine  
  131  33:13  Marine x2  
  133  33:30  Liberator x2  
  133  33:35  Supply Depot  
  133  33:36  Supply Depot  
  133  33:37  Supply Depot x2, Marine  
  133  33:38  Marine  
  135  33:45  Marine x8  
  149  33:55  Marine x2  
  151  34:03  Marine x8  
  159  34:11  Sensor Tower  
  159  34:13  Marine x2  
  161  34:17  Orbital Command  
  161  34:21  Marine x4  
  165  34:35  Liberator  
  165  34:36  Liberator  
  165  34:56  Orbital Command  
  171  35:10  SCV  
  171  35:14  Liberator  
  172  35:17  SCV  
  173  35:22  SCV  
  173  35:23  Liberator  
  135  36:20  Liberator x2  
  123  36:52  Marine x2  
  123  36:53  Marine x6  
  124  37:04  SCV x2  
  126  37:11  Command Center  
  112  37:37  SCV  
  112  37:38  SCV  
  114  37:49  SCV  
  114  37:50  SCV  
  116  38:02  SCV x2  
  118  38:14  SCV x2  
  119  38:26  SCV x2  
  121  38:38  SCV x2  
  123  38:48  Marine x2  
  124  38:49  Marine x6  
  124  38:50  Marine x2, SCV x2  
  124  38:55  Medivac x2  
  139  39:02  SCV  
  140  39:04  SCV  
  140  39:06  Marine  
  142  39:13  Refinery x2, SCV  
  142  39:14  SCV  
  142  39:16  SCV  
  145  39:26  SCV  
  145  39:27  Orbital Command  
  145  39:29  SCV  
  147  39:38  SCV  
  148  39:55  SCV  
  148  39:56  SCV  
  107  40:36  Marine  
  107  40:37  Marine x9  
  88  40:54  Marine x4  
  88  40:55  Marine x6  
  94  40:57  Orbital Command  
  94  41:12  Marine x2  
  94  41:14  Marine x8  
  94  41:17  SCV  
  105  41:29  Marine, SCV  
  105  41:30  Marine  
  105  41:31  Marine  
  105  41:32  Marine x7  
  116  41:39  Refinery  
  116  41:40  Refinery, Liberator x2  
  116  41:41  Liberator  
  116  41:42  Liberator, SCV  
  116  41:43  SCV  
  118  41:47  Marine  
  118  41:48  Marine  
  118  41:49  Marine  
  118  41:50  Marine x6  
  131  41:56  Medivac x2  
  143  42:14  Missile Turret  
  143  42:15  Missile Turret  
  143  42:17  Marine x9, Missile Turret  
  152  42:41  Liberator  
  152  42:42  Liberator  
  151  42:53  Medivac  
  151  42:54  Medivac  
  161  44:00  Command Center  
  144  44:54  Liberator  
  144  44:55  Liberator  
  134  45:05  Marine x6  
  134  45:06  Marine x4  
  135  45:18  Liberator x5  
  135  45:19  Liberator  
  132  45:23  Marine x10  
  148  45:37  Liberator  
  148  45:40  Marine  
  148  45:41  Marine x4  
  151  45:57  Orbital Command  
  122  47:11  Orbital Command  
  122  47:14  SCV x2  
  124  47:26  SCV  
  124  47:27  Marine  
  124  47:28  Marine x8  
  134  47:49  Marauder x2  
  138  47:52  Concussive Shells  
  138  48:10  Marauder x2  
  142  48:13  Medivac x3  
  142  48:14  Medivac x2  
  148  48:56  Sensor Tower  
  148  48:57  Command Center  
  143  49:16  Siege Tank  
  146  49:32  SCV  
  147  49:46  SCV x3  
  150  49:58  SCV  
  151  50:06  Marauder x2  
  155  50:11  SCV  
  155  50:12  SCV  
  157  50:27  Marauder  
  157  50:28  Marauder  
  161  50:51  Missile Turret  
  161  50:53  SCV x2  
  161  50:54  SCV  
  164  51:00  Missile Turret  
  164  51:02  Missile Turret  
  164  51:05  SCV, Missile Turret  
  164  51:09  Missile Turret  
  165  51:16  Siege Tank, Missile Turret  
  168  51:31  SCV  
  168  51:32  SCV  
  170  51:36  Refinery  
  170  51:38  Refinery  
  170  51:48  Siege Tank  
  111  52:45  Marine x4  
  111  52:46  Marine x5  
  111  52:47  Marine  
  121  53:03  Marine x5  
  121  53:04  Marine x4  
  121  53:05  Marine  
  131  53:20  Marine  
  131  53:21  Marine x5  
  131  53:22  Marine x2  
  131  53:23  Siege Tank  
  143  53:27  SCV x3  
  145  53:39  SCV  
  140  53:50  Marine x2  
  140  53:51  Marine x5  
  140  54:13  Siege Tank  
  140  54:17  Marine x5  
  143  54:18  Marine x3  
  124  55:19  Siege Tank  
  123  55:51  Siege Tank  
  119  56:23  Siege Tank  
  122  56:32  Marine x8  
  119  56:37  Marauder  
  119  56:38  Marauder  
  130  56:59  Marauder  
  132  57:42  Missile Turret  
  124  58:43  Marauder x2  
  125  59:00  SCV  
  126  59:04  Marauder  
  126  59:05  Marauder  
  130  59:12  SCV  
  131  59:24  SCV  
  122  59:36  SCV  
  118  59:48  SCV  
  84  61:43  Barracks Reactor  
  84  61:44  Starport Reactor x2  
  84  61:53  Barracks  
  84  61:59  SCV  
  85  62:11  SCV  
  86  62:23  SCV  
  87  62:35  SCV  
  88  62:41  Barracks Tech Lab  
  88  62:43  Barracks  
  53  63:26  Marine  
  54  63:28  Marine  
  54  63:32  Marauder  
  57  63:36  Barracks Tech Lab  
  57  63:40  Viking x3  
  63  63:41  Viking  
  58  64:10  Viking x3  
Tags
 
League
GoldGold
Matchup
TvT
Race
Terran
Strategy
Banshee Rush
Add a new tag
Caveats
  • Supply blocks, unpowered buildings, or Contaminate may cause inaccurate times.
  • Supply counts are checked every 10 seconds.